 Dungeon Crawl Stone Soup version 0.29-a0-350-g7790a0e70a (webtiles) character file.

Game seed: 3819740860446396424

4 Hubjo the Firebug (level 1, -5/11 HPs)
             Began as a Deep Elf Fire Elementalist on Apr 22, 2022.
             Engulfed by a cloud of steam (13 damage)
             ... on level 1 of the Dungeon.
             The game lasted 00:00:46 (303 turns).

Hubjo the Firebug (Deep Elf Fire Elementalist)       Turns: 303, Time: 00:00:47

Health: -5/11      AC:  2    Str:  5    XL:     1   Next: 58%
Magic:  2/2        EV: 12    Int: 19    God:
Gold:   12         SH:  0    Dex: 15    Spells: 5/6 levels left

rFire   . . .      SeeInvis .   f - +1 dagger (antimagic)
rCold   . . .      Faith    .   (no shield)
rNeg    . . .      Spirit   .   a - +0 robe
rPois   .          Reflect  .   (no helmet)
rElec   .          Harm     .   (no cloak)
rCorr   .          Rampage  .   (no gloves)
Will    .....                   (no boots)
Stlth   ++........              (no amulet)
HPRegen 0.03/turn               (no ring)
MPRegen 0.08/turn               (no ring)

@: no status effects
A: no striking features
a: no special abilities


You were on level 1 of the Dungeon.
You visited 1 branch of the dungeon, and saw 1 of its levels.

You collected 12 gold pieces.

Inventory:

Hand Weapons
 f - a +1 antimagic dagger (weapon)
Armour
 a - a +0 robe (worn)
Scrolls
 c - a scroll of identify {unknown}
 d - a scroll of fear {unknown}
 e - a scroll of brand weapon {unknown}
Potions
 b - 2 potions of magic


   Skills:
 * Level 0.4 Fighting
 - Level 2.4 Dodging
 + Level 2.5 Stealth
 + Level 3.1 Spellcasting
 - Level 1.1 Conjurations
 + Level 3.3 Fire Magic


You had 5 spell levels left.
You knew the following spells:

 Your Spells              Type           Power      Damage    Failure   Level
a - Foxfire               Conj/Fire      44%        2x1d6     6%          1

Your spell library contained the following spells:

 Spells                   Type           Power      Damage    Failure   Level
 Scorch                   Fire           30%        2d6       6%          2
 Conjure Flame            Conj/Fire      11%        6-21      19%         3
 Inner Flame              Hex/Fire       9%         N/A       22%         3
 Flame Wave               Conj/Fire      11%        2d5       52%         4


Dungeon Overview and Level Annotations

Branches:
Dungeon (1/15)

Altars:


Message History

The rat closely misses you.
You barely miss the rat.
The rat is moderately wounded.
The rat bites you but does no damage.
You hit the rat but do no damage.
The rat is moderately wounded.
The rat bites you.
You hit the rat but do no damage.
The rat is moderately wounded.
The rat barely misses you.
You closely miss the rat.
The rat is moderately wounded.
The rat bites you.
You barely miss the rat.
The rat is moderately wounded.
The rat bites you but does no damage.
You hit the rat but do no damage.
The rat is moderately wounded.
The rat bites you.
Casting: Foxfire (safe; 6% risk of failure)
Confirm with . or Enter, or press ? or * to list all spells.
You conjure some foxfire!
The rat misses you.
Your foxfire dissipates!
The foxfire hits the rat.
You kill the rat!
You see here a rat corpse.
Found a potion of magic.
Things that are here:
a +1 antimagic dagger; 5 stones
f - a +1 antimagic dagger Magic restored.
HP restored.
b - 2 potions of magic (gained 1) You're standing in a cloud of steam!
You feel magic leave you.
f - a +1 antimagic dagger (weapon)
You are engulfed in a cloud of scalding steam.
You are engulfed in a cloud of scalding steam.
Ouch! That really hurt!
You die...

########## #........#####
#.......§§....
#....@§§.§≈...
#..§.§§§§§≈...
#..§§§§§§≈≈≈..
#....§§§§≈≈≈..
#..§§§§§≈≈≈≈§. ...#
#.....≈≈≈≈≈≈§ ...#
#######....≈≈≈≈≈§§≈.
...###..........≈≈≈≈§≈§≈.
..............≈≈≈≈≈≈≈≈§


There were no monsters in sight!

Vanquished Creatures
  A goblin (D:1)
  A hobgoblin (D:1)
  A bat (D:1)
  A kobold (D:1)
  A rat (D:1)
5 creatures vanquished.

Vanquished Creatures (others)
  A quokka (D:1)
  13 foxfires (D:1)
14 creatures vanquished.

Grand Total: 19 creatures vanquished

Notes
Turn   | Place    | Note
-------+----------+-------------------------------------------
     0 | D:1      | Hubjo the Deep Elf Fire Elementalist began the quest for
                  | the Orb.
     0 | D:1      | Reached XP level 1. HP: 10/10 MP: 6/6
   303 | D:1      | Engulfed by a cloud of steam

Illustrated notes

Levels and vault maps discovered:
D:1:      dpeg_arrival_arbitrary_c, layout_rooms, grunt_decor_one_mirror,
          lemuel_old_faithful

Action                   || total
-------------------------++-------
Melee: Unarmed           ||    14
 Cast: Foxfire           ||     9
Armor: Robe              ||     4
Dodge: Dodged            ||    11

Table legend: (Time is in decaauts)
 A = Elapsed time spent in this place.
 B = Non-inter-level travel time spent in this place.
 C = Inter-level travel time spent in this place.
 D = Time resting spent in this place.
 E = Time spent auto-exploring this place.
 F = Levels seen in this place.
 G = Mean time per level.
                   A        B        C        D        E       F      G
               +--------+--------+--------+--------+--------+-----+--------+
         Total |    302 |    302 |      0 |      0 |    245 |   1 |  302.0 |
       Dungeon |    302 |    302 |      0 |      0 |    245 |   1 |  302.0 |
               +--------+--------+--------+--------+--------+-----+--------+

Top non-repeatable levels by time:
     D:1: 302 daAuts
